 Dungeon Crawl Stone Soup version 0.28-a0-1429-gf3d713df7a (webtiles) character file.

Game seed: 3504915482611169425

16 zap2161 the Skirmisher (level 2, 19/19 HPs)
             Began as a Gargoyle Fighter on Jan 8, 2022.
             Was a Follower of Jiyva.
             Quit the game on level 1 of the Dungeon.
             The game lasted 00:06:25 (1436 turns).

zap2161 the Skirmisher (Gargoyle Fighter)           Turns: 1436, Time: 00:06:26

Health: 19/19      AC: 12    Str: 19    XL:     2   Next: 54%
Magic:  2/2        EV:  7    Int:  8    God:    Jiyva [*.....]
Gold:   43         SH:  4    Dex:  9    Spells: 1/1 levels left

rFire   . . .      SeeInvis .   a - +0 flail
rCold   . . .      Faith    .   c - +0 buckler
rNeg    + . .      Spirit   .   l - +0 chain mail
rPois   ∞          Reflect  .   (no helmet)
rElec   +          Harm     .   (no cloak)
rCorr   .          Rampage  .   (no gloves)
Will    .....                   (no boots)
Stlth   ..........              (no amulet)
HPRegen 0.86/turn               (no ring)
MPRegen 0.33/turn               (no ring)

@: no status effects
A: sickness immunity, AC +2, negative energy resistance 1, electricity
resistance, torment resistance 1, petrification resistance
a: Renounce Religion


You were on level 1 of the Dungeon.
You worshipped Jiyva.
Jiyva was aware of your devotion.
You visited 1 branch of the dungeon, and saw 1 of its levels.

You collected 43 gold pieces.

Inventory:

Hand Weapons
 a - a +0 flail (weapon)
 k - a +1 antimagic whip
Missiles
 g - 17 bolts
 h - 34 arrows
Armour
 c - a +0 buckler (worn)
 l - a +0 chain mail (worn)
Scrolls
 e - a scroll of silence {unknown}
Potions
 d - a potion of might
 f - a potion of magic {unknown}
 i - 2 potions of degeneration {unknown}
 j - 2 potions of cancellation {unknown}


   Skills:
 + Level 3.6 Fighting
 + Level 2.2 Maces & Flails
 + Level 3.5 Armour
 + Level 3.5 Shields


You had one spell level left.
You didn't know any spells.
Your spell library contained the following spells:

 Spells                   Type           Power      Damage    Failure   Level
 Sting                    Tmut/Pois      0%         1d3       100%        1
 Vampiric Draining        Necr           0%         2d6       100%        3
 Olgreb's Toxic Radiance  Pois           0%         N/A       100%        4
 Necromutation            Tmut/Necr      0%         N/A       100%        8


Dungeon Overview and Level Annotations

Branches:
Dungeon (1/15)

Altars:
Jiyva


Innate Abilities, Weirdness & Mutations

You are immune to sickness and miasma.
Your stone body is resilient. (AC +2)
You are immune to poison.
You resist negative energy. (rN+)
You are resistant to electric shocks. (rElec)
You are resistant to unholy torment.
You are immune to petrification.


Message History

You open the door.
There is an open door here.
There is an open door here.
There is an open door here.
Okay, then.
You don't know any spells.
Okay, then.
There is an open door here.
You enter the shallow water.
Moving in this stuff is going to be slow.
Why would you want to do that? Why would you want to do that?
You see here a +0 chain mail.
l - a +0 chain mail You start removing your armour.
You continue taking off your +0 scale mail. x4
You finish taking off your +0 scale mail.
You start putting on your armour.
You continue putting on your +0 chain mail. x5
You finish putting on your +0 chain mail.
There is an open door here.
Drop what? 12/52 slots (_ for help) (? for menu, Esc to quit)
You drop a +0 scale mail.
There is an open door here.
There is an open door here.
There is an open door here.
There is an open door here.
You enter the shallow water.
Moving in this stuff is going to be slow.
There is a faded altar of an unknown god here.
You cannot tell which god this altar belongs to.
Convert to them anyway?
Uppercase [Y]es or [N]o only, please.
You cannot tell which god this altar belongs to.
Convert to them anyway?
Jiyva accepts your prayer! Jiyva welcomes you!
Jiyva begins accelerating your health and magic regeneration.
You offer a prayer to Jiyva.
Unknown command.
Press < or > to pray at altars.
Are you sure you want to abandon this character and quit the game? (Confirm with "yes".)

##†#.##.###.########.###.#
#.....................#.#
########......###...#.#.#
##...#..##.#.#.#.#
##..........#.#.#
#.⌠PP≈≈≈≈†.....#
#.≈....P.≈...### ##
##.≈.####.≈.#.# .#
##..⌠...@#.....# .##
##...≈.####.≈...# ..##
##....⌠.P..P.P...#
...####.....⌠⌠≈P≈.P≈...##
......'.................#
...####....)...........##
########.......####.....#
.....######...## #####.#
..........##### #.#


There were no monsters in sight!

Vanquished Creatures
  2 endoplasms (D:1)
  A goblin (D:1)
  A hobgoblin (D:1)
  A kobold (D:1)
  A quokka (D:1)
  2 ball pythons (D:1)
  4 bats (D:1)
  4 rats (D:1)
16 creatures vanquished.

Notes
Turn   | Place    | Note
-------+----------+-------------------------------------------
     0 | D:1      | zap2161 the Gargoyle Fighter began the quest for the Orb.
     0 | D:1      | Reached XP level 1. HP: 14/14 MP: 1/1
   427 | D:1      | Got Uhewk's Guide on Darkness and Poison
   487 | D:1      | Reached XP level 2. HP: 14/19 MP: 2/2
  1012 | D:1      | Found a faded altar of an unknown god.
  1435 | D:1      | Prayed at the altar of an unknown god.
  1435 | D:1      | Became a worshipper of Jiyva Janez the Shapeless
  1435 | D:1      | Reached * piety under Jiyva
  1436 | D:1      | Quit the game

Illustrated notes

Levels and vault maps discovered:
D:1:      dpeg_arrival_water_fire, layout_loops_corners,
          shapermc_ecumenical_altar_acropolis

Action                   || total
-------------------------++-------
Melee: Flail             ||    40
       Whip              ||     8
Armor: Scale mail        ||    34
Dodge: Dodged            ||    23
Block: Buckler           ||     8

Table legend: (Time is in decaauts)
 A = Elapsed time spent in this place.
 B = Non-inter-level travel time spent in this place.
 C = Inter-level travel time spent in this place.
 D = Time resting spent in this place.
 E = Time spent auto-exploring this place.
 F = Levels seen in this place.
 G = Mean time per level.
                   A        B        C        D        E       F      G
               +--------+--------+--------+--------+--------+-----+--------+
         Total |   1453 |   1453 |      0 |      0 |   1024 |   1 | 1453.0 |
       Dungeon |   1453 |   1453 |      0 |      0 |   1024 |   1 | 1453.0 |
               +--------+--------+--------+--------+--------+-----+--------+

Top non-repeatable levels by time:
     D:1: 1453 daAuts
